 Dungeon Crawl Stone Soup version 0.21-a0-274-gc1afaeb (webtiles) character file.

1818 tilp the Arsonist (level 9, -3/62 HPs)
             Began as a Hill Orc Fire Elementalist on Sept 18, 2017.
             Shot with an arrow by a centaur (11 damage)
             ... on level 6 of the Dungeon.
             The game lasted 00:23:28 (6523 turns).

tilp the Arsonist (Hill Orc Fire Elementalist)      Turns: 6523, Time: 00:23:28

Health: -3/62      AC:  5    Str: 11    XL:     9   Next: 10%
Magic:  14/16      EV: 12    Int: 24    God:
Gold:   250        SH:  0    Dex: 11    Spells: 8/18 levels left

rFire    . . .     SeeInvis .   j - +2 spear (freeze)
rCold    . . .     Gourm    .   (no shield)
rNeg     . . .     Faith    .   h - +0 robe
rPois    .         Spirit   .   g - +1 helmet
rElec    .         Reflect  .   t - scarf {cloud immunity}
rCorr    +         Harm     .   A - +0 pair of gloves
MR       .....                  (no boots)
Stlth    ++........             (no amulet)
HPRegen  0.20/turn              v - +6 ring of intelligence
MPRegen  0.15/turn              z - ring of resist corrosion

@: no status effects
A: no striking features
a: no special abilities


You were on level 6 of the Dungeon.
You were not hungry.

You visited 1 branch of the dungeon, and saw 6 of its levels.

You collected 250 gold pieces.

Inventory:

Hand Weapons
 a - a +0 hand axe
 i - a +0 war axe
 j - a +2 spear of freezing (weapon)
 F - a +1 flail of protection
 G - a +0 dagger of speed
Missiles
 d - 104 stones
 r - 7 tomahawks (quivered)
Armour
 g - a +1 helmet (worn)
 h - a +0 robe (worn)
 p - +0 steam dragon scales
 t - a scarf of cloud immunity (worn)
 A - a +0 pair of gloves (worn)
Jewellery
 v - a +6 ring of intelligence (left hand)
 z - a ring of resist corrosion (right hand)
Wands
 l - a wand of clouds (9/9)
Scrolls
 e - 3 scrolls of remove curse
 n - 2 scrolls of teleportation
 o - a scroll of recharging
 s - a scroll of immolation
 B - a scroll of amnesia
 D - a scroll of fear
Potions
 m - 2 potions of curing
 q - 2 potions of haste
 w - a potion of flight
 x - a potion of resistance
 C - 4 potions of might
 E - 2 potions of brilliance
Books
 b - a book of Flames

   Spells                             Type                      Level
   a - Flame Tongue                   Conjuration/Fire             1
   b - Throw Flame                    Conjuration/Fire             2
   c - Conjure Flame                  Conjuration/Fire             3
   d - Inner Flame                    Hexes/Fire                   3
   e - Sticky Flame                   Conjuration/Fire             4
   f - Fireball                       Conjuration/Fire             5
Comestibles
 c - 8 bread rations
 f - 9 chunks of flesh
 k - 4 fruits
 u - a meat ration


   Skills:
 - Level 1.5 Dodging
 - Level 1.5 Stealth
 + Level 5.0 Spellcasting
 + Level 6.8 Conjurations
 + Level 8.1 Fire Magic


You had 8 spell levels left.
You knew the following spells:

 Your Spells              Type           Power        Failure   Level  Hunger
a - Flame Tongue          Conj/Fire      #####        1%          1    None
b - Throw Flame           Conj/Fire      #####.       1%          2    None
c - Conjure Flame         Conj/Fire      #####...     1%          3    ##.....
d - Sticky Flame          Conj/Fire      #####...     4%          4    ####...


Dungeon Overview and Level Annotations

Branches:
Dungeon (6/15)
 Temple: D:4-7

Altars:
Ashenzari
Ru
Sif Muna
Uskayaw
Wu Jian

Shops:
D:5 *

Portals:
Ossuary: D:6

Annotations:
D:3 1 exclusion, B1inky's ghost, amateur NaFi; Ijyb; Sigmund
D:5 Eustachio


Message History

A quasit comes into view.
The quasit gives a chilling moan.
You see here 2 arrows.
The steam dragon breathes steam at you. The ball of steam hits you!
* * * LOW HITPOINT WARNING * * *
The centaur shoots an arrow.
The arrow hits you.
* * * LOW HITPOINT WARNING * * *
Found a sand-covered staircase.
You see here an arrow.
You feel better.
The centaur shoots an arrow.
The arrow completely misses you. The jelly hits you.
* * * LOW HITPOINT WARNING * * *
You are splashed with acid!
The acid burns!
You resist.
* * * LOW HITPOINT WARNING * * *
The jelly is engulfed in a cloud of scalding steam.
The jelly dies!
Your Spellcasting skill increases to level 5!
The centaur shoots an arrow.
The arrow hits you!
You die...

##.#(.(.......##...
#.#######.......#
##.#######......#
................###
.##..#####..c...5.#
..##.## #.§D.....#
...#c.# #..(.§§..#
...##.# ##[..§(§##
.....D#####.####@#
#..#....c.#.###.......#
#..##..##D....#.#.....#
#..###.####.#.........#
#).###.##...#...#..∩..#
#..##.....###.###.....#
#..##..##c....# .....#
...##.........# .#.#.#
# ....##.###...


You could see a steam dragon, a centaur and a quasit.

Vanquished Creatures
  2 steam dragons (D:6)
  Menkaure (D:5)
  2 ice beasts (D:5)
  2 ogres
  2 centaurs
  2 bullfrogs (D:6)
  A scorpion (D:5)
  2 howler monkeys (D:5)
  A human zombie (D:6)
  A centaur zombie (D:6)
  2 jellies (D:6)
  An orc priest (D:6)
  7 orc wizards
  A worker ant (D:6)
  Natasha (thrice) (D:4)
  A hound zombie (D:5)
  A howler monkey skeleton (D:6)
  6 adders
  3 gnolls
  A shadow imp (D:6)
  An ooze (D:5)
  An adder skeleton (D:4)
  2 worms
  A dart slug (D:1)
  2 leopard geckos
  14 orcs
  4 bats
  6 giant cockroaches
  5 goblins
  5 hobgoblins
  9 jackals
  7 kobolds
  3 quokkas
  A ball python (D:3)
  2 frilled lizards
  8 rats
113 creatures vanquished.

Vanquished Creatures (others)
  A jelly (D:6)
1 creature vanquished.

Grand Total: 114 creatures vanquished

Notes
Turn   | Place    | Note
-------+----------+-------------------------------------------
     0 | D:1      | tilp the Hill Orc Fire Elementalist began the quest for the Orb.
     0 | D:1      | Reached XP level 1. HP: 14/14 MP: 3/3
   317 | D:1      | Reached XP level 2. HP: 20/20 MP: 2/4
   990 | D:1      | Learned a level 2 spell: Throw Flame
  1081 | D:1      | Reached XP level 3. HP: 26/26 MP: 0/5
  1494 | D:2      | Noticed Natasha
  1949 | D:2      | Found a deep blue altar of Sif Muna.
  2222 | D:3      | Reached XP level 4. HP: 25/33 MP: 5/7
  2236 | D:3      | Learned a level 3 spell: Conjure Flame
  2263 | D:3      | Found a hide-covered altar of Uskayaw.
  2264 | D:3      | Noticed a hand axe
  2264 | D:3      | Noticed a dagger
  2322 | D:3      | Reached skill level 4 in Fire Magic
  2409 | D:3      | Noticed Sigmund
  2566 | D:3      | Noticed Ijyb
  3037 | D:3      | Reached XP level 5. HP: 19/38 MP: 4/8
  3540 | D:4      | HP: 1/38 [gnoll/spear of freezing (3)]
  3890 | D:3      | Noticed B1inky's ghost (amateur NaFi)
  3939 | D:4      | Found an ornate altar of the Wu Jian Council.
  4287 | D:4      | Killed Natasha
  4336 | D:4      | Noticed an ogre
  4567 | D:4      | Noticed Natasha
  4575 | D:4      | Killed Natasha
  4586 | D:4      | Reached XP level 6. HP: 28/45 MP: 0/10
  4753 | D:4      | Reached skill level 5 in Fire Magic
  4966 | D:4      | Noticed Natasha
  4968 | D:4      | Killed Natasha
  5015 | D:5      | Entered Level 5 of the Dungeon
  5076 | D:5      | Learned a level 4 spell: Sticky Flame
  5179 | D:5      | Noticed Eustachio
  5180 | D:5      | Noticed an ice beast
  5199 | D:5      | Killed an ice beast
  5199 | D:5      | Reached XP level 7. HP: 50/50 MP: 7/12
  5300 | D:5      | Found Qukekk's Elemental Accessories.
  5471 | D:5      | Found a shattered altar of Ashenzari.
  5473 | D:5      | Found a sacrificial altar of Ru.
  5498 | D:5      | Reached skill level 5 in Conjurations
  5498 | D:5      | Reached skill level 6 in Fire Magic
  5573 | D:5      | Noticed Menkaure
  5578 | D:5      | Killed Menkaure
  5578 | D:5      | Reached XP level 8. HP: 57/57 MP: 4/13
  6005 | D:6      | Reached skill level 7 in Fire Magic
  6359 | D:6      | Reached XP level 9. HP: 45/62 MP: 7/16
  6390 | D:6      | Reached skill level 8 in Fire Magic
  6521 | D:6      | Found a sand-covered staircase.
  6523 | D:6      | Reached skill level 5 in Spellcasting
  6523 | D:6      | Shot with an arrow by a centaur

Vault maps used:
D:1:      scummos_arrival_checkerplants, corexii_item_surrounded_by_moat,
          wad_floor_pattern_untrapped, minmay_domino_2
D:2:      led_sif_pool, hangedman_feature_mirror, uniq_natasha
D:3:      dancing_weapons_uskayaw, uniq_ijyb, uniq_sigmund
D:4:      lemuel_round_altar
D:5:      chequers_temple_overflow_statue_of_worship, first_bread,
          mrwooster_statue_mirror, nicolae_elemental_shop, uniq_eustachio,
          uniq_menkaure
D:6:      cheibrodos_steamvent, lemuel_crystal_altar,
          minmay_temple_entry_nine_rooms, enter_ossuary_3, uniq_blork_the_orc

Skill      XL: |  1  2  3  4  5  6  7  8  9 |
---------------+----------------------------+-----
Conjurations   | 2 3 4 5 6 |  6.8
Spellcasting   | 2 3 4 5 |  5.0
Fire Magic     | 4 5 6 7 8 |  8.1
Dodging        | |  1.5
Stealth        | |  1.5

Action                   |  1- 3 |  4- 6 |  7- 9 || total
-------------------------+-------+-------+-------++-------
Melee: Hand axe          |     7 |    63 |       ||    70
       Club              |     6 |       |       ||     6
       Spear             |       |    46 |    70 ||   116
Throw: Stone             |    32 |       |       ||    32
       Tomahawk          |    28 |       |       ||    28
 Cast: Flame Tongue      |    54 |    50 |    76 ||   180
       Throw Flame       |       |     3 |     7 ||    10
       Conjure Flame     |       |     1 |     1 ||     2
       Sticky Flame      |       |       |     3 ||     3
  Use: Potion            |       |     2 |     1 ||     3
       Scroll            |       |     7 |    10 ||    17
 Stab: Sleeping          |       |     1 |     1 ||     2
  Eat: Chunk             |     5 |     5 |     5 ||    15
       Meat ration       |       |     1 |       ||     1
Armor: Robe              |     3 |    42 |    28 ||    73
Dodge: Dodged            |    30 |   110 |    53 ||   193

Table legend:
 A = Spawn XP
 B = Non-spawn XP
 C = Spawn XP percentage of total XP
 D = Spawn monster count
 E = Non-spawn monster count
 F = Spawn count percentage of total count
 G = Total turns spent on level
                    A         B        C        D         E        F      G
               +---------+---------+-------+---------+---------+-------+---------
         Total |       0 |    2598 |   0.0 |       0 |     114 |   0.0 |  6523
               +---------+---------+-------+---------+---------+-------+---------
           D:1 |       0 |      35 |   0.0 |       0 |      23 |   0.0 |  1240
           D:2 |       0 |      37 |   0.0 |       0 |       7 |   0.0 |  1214
           D:3 |       0 |     114 |   0.0 |       0 |      24 |   0.0 |  1534
           D:4 |       0 |     313 |   0.0 |       0 |      14 |   0.0 |  1027
           D:5 |       0 |     990 |   0.0 |       0 |      22 |   0.0 |  1063
           D:6 |       0 |    1109 |   0.0 |       0 |      24 |   0.0 |   445
               +---------+---------+-------+---------+---------+-------+---------
